 Dungeon Crawl Stone Soup version 0.29-a0-234-g0dae59b3db (webtiles) character file.

Game seed: 13221405142697102264

12 bromine the Chopper (level 2, -1/27 HPs)
             Began as a Hill Orc Berserker on Mar 1, 2022.
             Was a Follower of Trog.
             Slain by a hobgoblin (5 damage)
             ... on level 1 of the Dungeon on Mar 2, 2022.
             The game lasted 00:01:58 (1910 turns).

bromine the Chopper (Hill Orc Berserker)            Turns: 1910, Time: 00:01:58

Health: -1/27      AC:  2    Str: 19    XL:     2   Next: 33%
Magic:  2/2        EV: 12    Int:  7    God:    Trog [*.....]
Gold:   20         SH:  0    Dex: 10    Spells: 1/1 levels left

rFire   . . .      SeeInvis .   a - +0 hand axe
rCold   . . .      Faith    .   (no shield)
rNeg    . . .      Spirit   .   b - +0 animal skin
rPois   .          Reflect  .   (no helmet)
rElec   .          Harm     .   (no cloak)
rCorr   .          Rampage  .   (no gloves)
Will    .....                   (no boots)
Stlth   +.........              (no amulet)
HPRegen 0.09/turn               (no ring)
MPRegen 0.08/turn               (no ring)

@: no status effects
A: no striking features
a: Renounce Religion, Berserk


You were on level 1 of the Dungeon.
You worshipped Trog.
Trog was aware of your devotion.
You visited 1 branch of the dungeon, and saw 1 of its levels.

You collected 20 gold pieces.

Inventory:

Hand Weapons
 a - a +0 hand axe (weapon)
Armour
 b - a +0 animal skin (worn)
Scrolls
 c - a scroll of noise {unknown}


   Skills:
 + Level 3.9 Fighting
 + Level 4.4 Axes
 + Level 2.3 Armour
 + Level 1.6 Dodging


You had one spell level left.
You didn't know any spells.
Your spell library was empty.

Dungeon Overview and Level Annotations

Branches:
Dungeon (1/15)

Altars:


Message History

Trog accepts your kill. The hobgoblin hits you.
The hobgoblin barely misses you. The hobgoblin closely misses you.
The hobgoblin completely misses you. The hobgoblin hits you.
The hobgoblin hits you.
You barely miss the hobgoblin. Your punch misses the hobgoblin.
The hobgoblin hits you but does no damage.
The hobgoblin barely misses you.
You barely miss the hobgoblin. The hobgoblin barely misses you.
You barely miss the hobgoblin. The hobgoblin closely misses you.
The hobgoblin misses you. The hobgoblin hits you.
You hit the hobgoblin.
The hobgoblin is moderately wounded.
The hobgoblin misses you. The hobgoblin misses you.
The hobgoblin barely misses you.
You see here a frilled lizard corpse.
The hobgoblin hits you.
* * * LOW HITPOINT WARNING * * *
The hobgoblin hits you.
* * * LOW HITPOINT WARNING * * *
The hobgoblin closely misses you.
You see here a frilled lizard corpse.
The hobgoblin closely misses you. The hobgoblin completely misses you.
You see here a frilled lizard corpse.
The hobgoblin barely misses you. The hobgoblin closely misses you.
You barely miss the hobgoblin.
The hobgoblin is moderately wounded.
The hobgoblin barely misses you.
You hit the hobgoblin but do no damage.
The hobgoblin is moderately wounded.
The hobgoblin closely misses you. The hobgoblin closely misses you.
The hobgoblin hits you.
You die...

..........# ..........#
..........# ..........#
### .........>+ ..#
..........# #.#
..........########.#
.......@g..........#
..........†........#
...................# ..
...................# ...
##....###............# #
.. ..#### #...........#.#
§§
♣.♣♣.....###.##+######.#.#
§§♣♣.♣.♣.♣8§§##.......
..#.# ♣°♣☼.∩.♣♣§○........#
##.#.#


You could see a hobgoblin.

Vanquished Creatures
  A bat (D:1)
  An endoplasm (D:1)
  3 hobgoblins (D:1)
  A ball python (D:1)
  5 frilled lizards (D:1)
  A goblin (D:1)
  A kobold (D:1)
13 creatures vanquished.

Notes
Turn   | Place    | Note
-------+----------+-------------------------------------------
     0 | D:1      | bromine the Hill Orc Berserker began the quest for the Orb.
     0 | D:1      | Reached XP level 1. HP: 19/19 MP: 1/1
     0 | D:1      | Upgraded the game from 0.29-a0-233-g1125b37a9b to
                  | 0.29-a0-234-g0dae59b3db
   856 | D:1      | Reached XP level 2. HP: 16/27 MP: 2/2
  1910 | D:1      | Slain by a hobgoblin

Illustrated notes

Levels and vault maps discovered:
D:1:      heliophobic_arrival_enchanted_forest, layout_basic,
          chequers_serial_rivers_micro_c

Action                   || total
-------------------------++-------
Melee: Hand axe          ||    36
Armor: Animal skin       ||    17
Dodge: Dodged            ||    65

Table legend: (Time is in decaauts)
 A = Elapsed time spent in this place.
 B = Non-inter-level travel time spent in this place.
 C = Inter-level travel time spent in this place.
 D = Time resting spent in this place.
 E = Time spent auto-exploring this place.
 F = Levels seen in this place.
 G = Mean time per level.
                   A        B        C        D        E       F      G
               +--------+--------+--------+--------+--------+-----+--------+
         Total |   1913 |   1913 |      0 |   1376 |    253 |   1 | 1913.0 |
       Dungeon |   1913 |   1913 |      0 |   1376 |    253 |   1 | 1913.0 |
               +--------+--------+--------+--------+--------+-----+--------+

Top non-repeatable levels by time:
     D:1: 1913 daAuts
